 Dungeon Crawl Stone Soup version 0.20-a0-700-gbd4582c (webtiles) character file.

3036 oplop the Magician (level 9, -1/55 HPs)
             Began as an Octopode Ice Elementalist on Feb 20, 2017.
             Was a Follower of Cheibriados.
             Shot with an arrow by a centaur (12 damage)
             ... on level 9 of the Dungeon.
             The game lasted 00:29:40 (10822 turns).

oplop the Magician (Octopode Ice Elementalist)     Turns: 10822, Time: 00:29:42

Health: -1/55      AC:  1    Str:  9    XL:     9   Next: 86%
Magic:  2/18       EV: 15    Int: 23    God:    Cheibriados [*.....]
Gold:   449        SH:  0    Dex: 14    Spells: 5/21 levels left

rFire    . . .     SeeInvis +   g - +2 whip (elec)
rCold    . . .     Gourm    .   (no shield)
rNeg     . . .     Faith    .   (helmet restricted)
rPois    .         Spirit   .   (no amulet)
rElec    .         Reflect  .   n - ring of see invisible
rCorr    .         Harm     .   (no ring)
MR       .....                  (no ring)
Stlth    +++.......             (no ring)
Regen    0.2/turn               (no ring)
MPRegen  0.2/turn               (no ring)
                                (no ring)
                                (no ring)

@: very slightly contaminated, very slow
A: almost no armour, stealthy swim, amphibious, 8 rings, constrict 8, camouflage
1, gelatinous body 1
a: Bend Time, Renounce Religion


You were on level 9 of the Dungeon.
You worshipped Cheibriados.
Cheibriados was aware of your devotion.
You were hungry.

You visited 2 branches of the dungeon, and saw 10 of its levels.
You also visited: Sewer and Ossuary.

You collected 449 gold pieces.

Inventory:

Hand Weapons
 g - a +2 whip of electrocution (weapon)
Missiles
 r - 19 stones (quivered)
Armour
 D - a +0 buckler
Jewellery
 n - a ring of see invisible (left tentacle)
Wands
 c - a wand of disintegration (8/24)
Scrolls
 e - 10 scrolls of identify
 f - 3 scrolls of remove curse
 h - a scroll of immolation {unknown}
 k - a scroll of enchant armour {unknown}
 l - 5 scrolls of teleportation
 u - 3 scrolls of amnesia
 v - 3 scrolls of enchant weapon {unknown}
 y - a scroll of fear {unknown}
 G - 2 scrolls of blinking {unknown}
 I - 3 scrolls of recharging {unknown}
Potions
 d - 2 potions of flight {unknown}
 i - 9 potions of curing
 j - a potion of might {unknown}
 m - 3 potions of heal wounds {unknown}
 o - 2 potions of mutation {unknown}
 p - 2 potions of lignification {unknown}
 q - a potion of resistance
 s - a potion of berserk rage {unknown}
 t - a potion of cancellation {unknown}
 w - a potion of ambrosia {unknown}
 z - 2 potions of agility {unknown}
 A - 2 potions of magic {unknown}
 B - a potion of haste {unknown}
 C - a potion of degeneration {unknown}
Books
 a - a book of Frost

   Spells                             Type                      Level
   a - Freeze                         Ice                          1
   b - Throw Frost                    Conjuration/Ice              2
   c - Ozocubu's Armour               Charms/Ice                   3
   d - Throw Icicle                   Conjuration/Ice              4
   e - Summon Ice Beast               Ice/Summoning                4
 x - a book of Callings

   Spells                             Type                      Level
   a - Summon Small Mammal            Summoning                    1
   b - Call Imp                       Summoning                    2
   c - Call Canine Familiar           Summoning                    3
   d - Summon Guardian Golem          Hexes/Summoning              3
   e - Summon Lightning Spire         Summoning/Air                4
   f - Summon Ice Beast               Ice/Summoning                4
Comestibles
 b - 7 bread rations
 E - 2 fruits
 F - 3 meat rations


   Skills:
 + Level 2.7 Fighting
 * Level 3.9 Dodging
 - Level 2.6 Stealth
 + Level 6.5 Spellcasting
 - Level 4.2 Conjurations
 - Level 5.7 Summonings
 - Level 6.3 Ice Magic
 - Level 3.6 Air Magic
 * Level 3.2 Invocations


You had 5 spell levels left.
You knew the following spells:

 Your Spells              Type           Power        Failure   Level  Hunger
a - Freeze                Ice            ####         1%          1    None
b - Ozocubu's Armour      Chrm/Ice       ###.....     10%         3    None
c - Summon Ice Beast      Ice/Summ       #####...     10%         4    ###....
d - Throw Icicle          Conj/Ice       ####....     12%         4    ###....
e - Summon Lightning Spi  Summ/Air       ####....     14%         4    ###....


Dungeon Overview and Level Annotations

Branches:
Dungeon (9/15)             Temple (1/1) D:6
   Lair: D:8-11         Orc: D:9-12

Altars:
Ashenzari
Cheibriados
Dithmenos
Elyvilon
Fedhas
Gozag
Hepliaklqana Ieoh Jian
Kikubaaqudgha
Makhleb
Nemelex Xobeh
Okawaru
Qazlal
Ru
Sif Muna
Trog
Uskayaw
Vehumet
Xom
Yredelemnul
Zin
The Shining One

Annotations:
D:8 exclusion: 2 killer bees


Innate Abilities, Weirdness & Mutations

You cannot wear most types of armour.
You are very stealthy in the water. (Stealth+)
You are amphibious.
You can wear up to eight rings at the same time.
You can use your tentacles to constrict eight enemies at once.
Your skin changes colour to match your surroundings (Stealth+).
Your rubbery body absorbs attacks. (AC +1, EV +1)


Message History

Casting: Summon Ice Beast
Confirm with . or Enter, or press ? or * to list all spells.
A chill wind blows around you.
The centaur shoots an arrow.
The arrow hits you!
The centaur shoots an arrow.
The arrow hits you!
* * * LOW HITPOINT WARNING * * *
You see here an arrow.
You feel better.
The centaur shoots an arrow.
The arrow hits you!
* * * LOW HITPOINT WARNING * * *
Okay, then.
Okay, then.
Evoke which item? (* to show all) (? for menu, Esc to quit)
Okay, then.
Evoke which item? (* to show all) (? for menu, Esc to quit)
Aiming: Disintegrate (will waste charges)
Press: ? - help, Shift-Dir - straight line, f - centaur
Aim: a centaur, wielding a shortbow (chance to defeat MR: 65%)
The centaur is blasted.
Evoking this partially-identified wand wasted a few charges.
The centaur shoots an arrow.
The arrow hits you!
You die...

#................
#................
#................
########................
........................
####....................
#.(..................
#....................
#...@(...............
#...)................
#....Y..c............
#############....................
.................................
...(.............................
............###############......
........(...# #......
............# #......


You could see a centaur and a friendly ice beast.

Vanquished Creatures
  A steam dragon (D:8)
  A sky beast (D:5)
  An ice beast (D:7)
  A hornet zombie (D:9)
  A black bear (D:6)
  2 ogres
  A big kobold (D:8)
  4 bullfrogs
  2 water moccasin zombies (Ossuary)
  4 scorpions
  4 howler monkeys
  3 crimson imps
  2 centaur skeletons (D:5)
  8 hounds
  An orc wizard (D:4)
  3 bullfrog skeletons
  3 orc priests
  3 iguanas
  Jessica (D:3)
  4 worker ants
  A killer bee zombie (D:5)
  5 big kobold zombies (Ossuary)
  A mummy (Ossuary)
  A hound skeleton (D:4)
  9 gnolls
  9 adders
  2 oozes
  An adder skeleton (D:5)
  4 adder zombies (Ossuary)
  6 worms
  2 dart slugs (D:2)
  3 leopard geckos
  11 orcs
  2 ball pythons
  10 giant cockroaches
  2 gnoll zombies (Ossuary)
  10 goblins
  8 hobgoblins
  16 jackals
  9 kobolds
  9 bats
  15 frilled lizards
  3 hobgoblin zombies (Ossuary)
  2 kobold zombies (Ossuary)
  A leopard gecko skeleton (D:8)
  5 orc zombies (Ossuary)
  A quokka zombie (D:5)
  6 rats
204 creatures vanquished.

Vanquished Creatures (collateral kills)
  Menkaure (D:5)
  A black bear (D:9)
  An ice beast (D:5)
  A sky beast (D:5)
  A crimson imp (D:7)
  A hound (D:9)
  A gnoll shaman (D:5)
  An orc priest (D:6)
  3 orc wizards
  A worker ant (D:5)
  A mummy (Ossuary)
  A gnoll (D:5)
  2 adders
  A leopard gecko (D:6)
  6 orcs
  A giant cockroach (D:6)
  A gnoll zombie (Ossuary)
  A ball python (Sewer)
  A ball python skeleton (D:5)
  A frilled lizard (Sewer)
  2 hobgoblin zombies (Ossuary)
  A kobold zombie (Ossuary)
  An orc zombie (Ossuary)
32 creatures vanquished.

Vanquished Creatures (others)
  An iguana (D:6)
  3 plants (D:7)
4 creatures vanquished.

Grand Total: 240 creatures vanquished

Notes
Turn   | Place    | Note
-------+----------+-------------------------------------------
     0 | D:1      | oplop the Octopode Ice Elementalist began the quest for the Orb.
     0 | D:1      | Reached XP level 1. HP: 11/11 MP: 3/3
   130 | D:1      | Reached XP level 2. HP: 12/18 MP: 5/5
   802 | D:1      | Reached skill level 1 in Fighting
   845 | D:1      | Reached XP level 3. HP: 12/23 MP: 6/6
   856 | D:1      | Wingboner: Не будешь пробовать новые книги?
  1092 | D:2      | oplop: пока нет
  1092 | D:2      | Wingboner: Что-то тебе прёт на хорошее оружие.
  1092 | D:2      | oplop: я жи чеиосьминог
  1228 | D:2      | Wingboner: Чеиосьминогов понерфили, уничтожив оружие протекта!
  1473 | D:2      | oplop: лол
  1473 | D:2      | Wingboner: И рмсл.
  1488 | D:2      | oplop: мнэ
  1488 | D:2      | oplop: а дмисл оставили?
  1520 | D:2      | Wingboner: Теперь рмсл только в шарфах.
  1524 | D:2      | Wingboner: Да.
  1524 | D:2      | oplop: ну, спелл в смысле
  1548 | D:2      | Wingboner: Да, дмсл остался.
  1560 | D:2      | Reached XP level 4. HP: 15/28 MP: 4/8
  1631 | D:2      | Wingboner: Шарфы это новый предмет, довольно интересный.
  1639 | D:2      | Wingboner: Вместо плаща надевается.
  1647 | D:2      | oplop: ЭТО КАК ПЛАЩ ТОЛЬКО ШАРФ
  1741 | D:2      | Wingboner: 0 брони базовой, зато магические абилки.
  1896 | D:2      | Found a burning altar of Makhleb.
  1896 | D:2      | Found a shimmering altar of Xom.
  2560 | D:2      | Wingboner: То есть выбираешь, либо 4 брони, либо магический бонус.
  2702 | D:3      | Learned a level 3 spell: Ozocubu's Armour
  2742 | D:3      | Reached XP level 5. HP: 9/34 MP: 6/10
  3160 | D:3      | Learned a level 4 spell: Summon Ice Beast
  3160 | D:3      | Wingboner: Индикатор шума забавный
  3160 | D:3      | Wingboner: Я его раньше не видел.
  3306 | D:3      | oplop: так в транке прикрутили же
  3306 | D:3      | Wingboner: Угу, знаю.
  3306 | D:3      | oplop: не вижу от него особой пользы
  3306 | D:3      | oplop: хуйня какая то
  3355 | D:3      | Wingboner: Ну это для новичков.
  3410 | D:3      | Noticed Jessica
  3416 | D:3      | Killed Jessica
  3418 | D:3      | Wingboner: Я раньше и так знал шум всех действий.
  3622 | D:4      | Reached skill level 1 in Summonings
  3831 | D:4      | Reached XP level 6. HP: 38/39 MP: 11/11
  3895 | D:4      | oplop: че там, палок полезных вообще не осталось?
  3948 | D:4      | Reached skill level 5 in Ice Magic
  3961 | D:4      | Noticed a phantom
  4136 | D:4      | Wingboner: Вроде только копание.
  4391 | D:4      | Wingboner: Все 4 основных выпилили.
  4391 | D:4      | oplop: идиоты
  4488 | D:4      | Found a sacrificial altar of Ru.
  4498 | D:4      | Reached XP level 7. HP: 44/45 MP: 13/13
  4572 | D:4      | Wingboner: Не новость.
  4955 | D:5      | Entered Level 5 of the Dungeon
  5383 | D:5      | You fall through a shaft for 3 floors!
  5383 | D:5      | oplop: збс
  5383 | D:5      | Wingboner: Мне интересно, как они рассчитывают зиги проходить теперь.
  5383 | D:5      | Wingboner: Без палки теле и диска.
  5383 | D:5      | Wingboner: На пенетрации особо не пожируешь.
  5391 | D:8      | oplop: зиги нинужны
  5391 | D:8      | oplop: зигоблядь не человек
  5403 | D:8      | Wingboner: Ты нинужен.
  5403 | D:8      | Reached XP level 8. HP: 42/50 MP: 10/14
  5416 | D:8      | oplop: азаза
  5419 | D:8      | oplop: да я шучу
  5419 | D:8      | oplop: 0.20 release patch notes: Ziggurat is no more
  5434 | D:8      | oplop: блядь
  5434 | D:8      | oplop: улей
  5493 | D:8      | Found a sand-covered staircase.
  5522 | D:8      | Learned a level 4 spell: Throw Icicle
  5525 | Ossuary  | Entered an ossuary
  5526 | Ossuary  | Wingboner: Будешь учить розетку?
  5526 | Ossuary  | Wingboner: Она хорошая.
  5526 | Ossuary  | oplop: шпиль чтоле?
  5526 | Ossuary  | Wingboner: Агась.
  5526 | Ossuary  | oplop: хз
  5526 | Ossuary  | oplop: подумаю
  6044 | Ossuary  | Reached skill level 5 in Summonings
  6084 | D:8      | oplop: так
  6084 | D:8      | oplop: теперь надо съебаться не всосав у пчел
  6239 | D:6      | Found a glowing drain.
  6350 | Sewer    | Entered a sewer
  6641 | D:6      | Found a basalt altar of Yredelemnul.
  6654 | D:6      | Reached skill level 5 in Spellcasting
  6854 | D:6      | Learned a level 4 spell: Summon Lightning Spire
  6912 | D:6      | Reached skill level 1 in Air Magic
  7042 | D:6      | Reached XP level 9. HP: 39/54 MP: 16/16
  7316 | D:6      | Found a deep blue altar of Sif Muna.
  7429 | D:6      | Wingboner: Ты тут у одного несчастного сворпиона чуть не отгрёб...
  7542 | D:6      | Found a staircase to the Ecumenical Temple.
  7605 | D:6      | oplop: это норма
  7665 | Temple   | Entered the Ecumenical Temple
  7796 | D:5      | Noticed Menkaure
  7806 | D:5      | Killed Menkaure
  8638 | D:5      | Found a stormy altar of Qazlal.
  8840 | D:6      | Found a sparkling altar of Nemelex Xobeh.
  8840 | D:6      | Found a snail-covered altar of Cheibriados.
  8846 | D:6      | Found an ancient bone altar of Kikubaaqudgha.
  8848 | D:6      | Found an ornate altar of the Ieoh Jian Council.
  8849 | D:6      | Found a bloodstained altar of Trog.
  8866 | D:6      | oplop: шо за кнсул, кстати?
  8866 | D:6      | Wingboner: Новый бог.
  8866 | D:6      | Wingboner: ОЧЕНЬ сильно ухудшен по сравнению с эксперименталкой.
  8866 | D:6      | oplop: >elemental clounds
  8866 | D:6      | Wingboner: В целом стал неплохой, но того убер-фана уже нет.
  8866 | D:6      | oplop: лолшто
  8866 | D:6      | Wingboner: Де ты это вычитал?
  8866 | D:6      | oplop: а, тьфу
  8866 | D:6      | oplop: чет я не проснулся еще
  8876 | D:6      | Became a worshipper of Cheibriados the Contemplative
  9000 | D:7      | Found a blossoming altar of Fedhas.
  9104 | D:7      | Wingboner: В эксперименталке он давал UNLIMITED BLADE WORKS, и это было неимоверно круто.
  9113 | D:7      | Wingboner: А сейчас просто средненький божок.
  9287 | D:7      | Reached skill level 1 in Invocations
  9846 | D:8      | Found a hide-covered altar of Uskayaw.
  9916 | D:8      | oplop: лул
  9916 | D:8      | oplop: рзетка ебет
 10067 | D:8      | Found a shadowy altar of Dithmenos.
 10101 | D:8      | oplop: гм
 10101 | D:8      | Wingboner: Ну да, я ж сразу сказал, что штука годная.
 10101 | D:8      | oplop: а чейто драконы армор дропают, лол
 10101 | D:8      | Wingboner: Крафт выпилили.
 10102 | D:8      | Wingboner: Потому что нубам было слишком сложно.
 10102 | D:8      | oplop: золотые сразу ГДА дропают?
 10317 | D:8      | Found a shadowy altar of Dithmenos.
 10518 | D:8      | Wingboner: Да.
 10518 | D:8      | oplop: гм
 10518 | D:8      | Wingboner: Там с шансом.
 10518 | D:8      | oplop: надо улей выебать
 10518 | D:8      | Wingboner: Или они тебя.
 10518 | D:8      | oplop: ну там пиети много
 10518 | D:8      | Wingboner: Это да.
 10518 | D:8      | Wingboner: И тумаков много.
 10518 | D:8      | oplop: мобы розетку бьют?
 10711 | D:9      | Wingboner: Да.
 10718 | D:9      | Wingboner: Если переагрит.
 10741 | D:9      | Reached * piety under Cheibriados
 10746 | D:9      | Wingboner: С повышением.
 10798 | D:9      | Noticed a troll
 10802 | D:9      | oplop: sooooqa
 10803 | D:9      | Wingboner: Кого-то распидарасят.
 10822 | D:9      | Shot with an arrow by a centaur

Vault maps used:
D:1:      dpeg_arrival_pits, minmay_distorted
D:2:      gammafunk_temple_overflow_pools, kennysheep_another_room,
          minmay_misc_feat_secret_circle, grunt_decor_clamped
D:3:      st_stairs_12, uniq_jessica
D:4:      nicolae_ru_great_annihilating_truth, first_bread, kennysheep_doodads,
          kennysheep_windowed_goal
D:5:      minmay_item_behind_shaft, minmay_misc_feat_nine_boxes,
          grunt_qazlal_sundering, uniq_menkaure
D:6:      chequers_temple_overflow_minitemple, lemuel_coloured_pillars_altar,
          lemuel_temple_firewalk_a, basic_altar, portal_sewer_entry_f
D:7:      serial_bayou_pond_c, fedhas_altar_decomposition
D:8:      old_standard_altar, lemuel_doored_altar, enter_ossuary_2,
          david_nohive_1, grunt_dithmenos_smoke
D:9:      kennysheep_mini
Temple:   cyrus_temple_forest
Sewer:    sewer_frog_island_01
Ossuary:  ossuary_tomb_2

Skill      XL: |  1  2  3  4  5  6  7  8  9 |
---------------+----------------------------+-----
Fighting       | 1 2 |  2.7
Spellcasting   | 3 4 5 6 |  6.5
Ice Magic      | 4 5 6 |  6.3
Summonings     | 1 2 4 5 |  5.7
Conjurations   | 4 |  4.2
Air Magic      | 1 3 |  3.6
Invocations    | 3 |  3.2
Dodging        | 3 |  3.9
Stealth        | |  2.6

Action                   |  1- 3 |  4- 6 |  7- 9 || total
-------------------------+-------+-------+-------++-------
Melee: Unarmed           |    17 |       |       ||    17
       Tentacles         |    12 |    13 |    53 ||    78
       Constrict         |    17 |    22 |    88 ||   127
       Whip              |    50 |   100 |   317 ||   467
Throw: Stone             |       |     1 |       ||     1
 Cast: Freeze            |    13 |    26 |    18 ||    57
       Ozocubu's Armour  |       |     5 |    27 ||    32
       Summon Ice Beast  |       |       |    25 ||    25
       Throw Icicle      |       |       |    14 ||    14
       Summon Lightning  |       |       |     1 ||     1
Evoke: Wand              |       |       |     1 ||     1
  Use: Scroll            |       |       |     8 ||     8
       Potion            |       |       |     2 ||     2
 Stab: Sleeping          |     6 |     9 |    12 ||    27
       Distracted        |       |       |     3 ||     3
  Eat: Chunk             |     2 |     5 |     7 ||    14
       Bread ration      |       |     1 |       ||     1
       Royal jelly       |       |       |     2 ||     2
       Meat ration       |       |       |     3 ||     3
       Fruit             |       |       |     2 ||     2
Armor: Skin              |     5 |    13 |   105 ||   123
Dodge: Dodged            |    43 |    79 |   266 ||   388
